 Dungeon Crawl Stone Soup version 0.31.0-32-g396128a36d (webtiles) character file.

Game seed: 14839570341963792644

2578 PaiMei the Purveyor of Pain (level 9, -2/69 HPs)
             Began as a Demonspawn Necromancer on Mar 12, 2024.
             Was an Initiate of Kikubaaqudgha.
             Slain by a two-headed ogre
             ... wielding a +0 giant club
              (17 damage)
             ... on level 8 of the Dungeon.
             The game lasted 00:18:46 (10482 turns).

PaiMei the Purveyor of Pain (DsNe)                 Turns: 10482, Time: 00:18:46

Health: -2/69      AC: 17    Str: 11    XL:     9   Next: 32%
Magic:  2/18       EV: 15    Int: 20    God:    Kikubaaqudgha [......]
Gold:   367        SH:  0    Dex: 19    Spells: 12/20 levels left

rFire   x . .        L - +2 short sword (flame)
rCold   . . .        (no shield)
rNeg    + . .        v - +1 animal skin
rPois   .            p - +1 helmet
rElec   .            (no cloak)
rCorr   .            u - +0 pair of gloves
SInv    +            x - +0 pair of boots
Will    .....        C - amulet of regeneration
Stlth   ++           c - +4 ring of protection
HPRegen 1.11/turn    r - ring of Hedwynn {rF- rN+ Str+3 Dex+5 SInv}
MPRegen 0.16/turn

%: no passive effects
@: sanguine armoured
A: claws 1, foul stench 1, sanguine armour 1
a: Renounce Religion


You were on level 8 of the Dungeon.
You worshipped Kikubaaqudgha.
Kikubaaqudgha was noncommittal.
You visited 2 branches of the dungeon, and saw 9 of its levels.
You also visited: Bailey.

You collected 397 gold pieces.
You spent 30 gold pieces at shops.

Inventory:

Hand Weapons
 d - a +1 dagger of protection
 L - a +2 short sword of flaming (weapon)
 O - a +2 short sword of electrocution
Missiles
 q - 4 curare-tipped darts (quivered)
 G - 19 poisoned darts
 J - 5 atropa-tipped darts
Armour
 p - a +1 helmet (worn)
 u - a +0 pair of gloves (worn)
 v - a +1 animal skin (worn)
 x - a +0 pair of boots (worn)
 M - the +0 robe of the Assorted Hosts {SInv}
   (You took it off a goblin on level 7 of the Dungeon)

   SInv:      It lets you see invisible.
Jewellery
 c - a +4 ring of protection (left hand)
 r - the ring of Hedwynn (right hand) {rF- rN+ Str+3 Dex+5 SInv}
   (You found it on level 2 of the Dungeon)

   [ring of positive energy]

   Str+3:     It affects your strength (+3).
   Dex+5:     It affects your dexterity (+5).
   rF-:       It makes you vulnerable to fire.
   rN+:       It protects you from negative energy.
   SInv:      It lets you see invisible.
 s - an amulet of reflection
 y - a +4 ring of protection
 C - an amulet of regeneration (around neck)
 F - a ring of protection from cold
Wands
 K - a wand of iceblast (6)
Scrolls
 a - a scroll of enchant weapon {unknown}
 f - 4 scrolls of blinking
 i - 2 scrolls of fog
 m - 4 scrolls of teleportation
 n - a scroll of acquirement {unknown}
 t - a scroll of poison {unknown}
 w - 4 scrolls of revelation
 D - 2 scrolls of torment
 E - 2 scrolls of fear {unknown}
 N - a scroll of noise {unknown}
Potions
 b - 2 potions of magic
 g - 2 potions of attraction
 j - a potion of ambrosia {unknown}
 k - 2 potions of cancellation
 l - 2 potions of mutation
 o - 5 potions of enlightenment
 z - 2 potions of curing
 A - 2 potions of might
 B - 3 potions of heal wounds
 H - a potion of brilliance {unknown}
 I - a potion of lignification {unknown}


   Skills:
 + Level 5.9 Fighting
 + Level 6.0 Dodging
 - Level 2.2 Stealth
 + Level 6.1 Spellcasting
 + Level 8.3 Necromancy


You had 12 spell levels left.
You knew the following spells:

 Your Spells              Type           Power      Damage    Failure   Level
a - Necrotise             Necr           100%       1d9       1%          1
b - Vampiric Draining     Necr           39%        2d8       1%          3
c - Animate Dead          Necr           39%        N/A       3%          4

Your spell library contained the following spells:

 Spells                   Type           Power      Damage    Failure   Level
 Fugue of the Fallen      Necr           39%        N/A       1%          3
 Curse of Agony           Necr           39%        N/A       10%         5
 Freeze                   Ice            24%        1d4       11%         1
 Magic Dart               Conj           24%        1d4       11%         1
 Blink                    Tloc           12%        N/A       16%         2
 Call Imp                 Summ           12%        N/A       16%         2
 Frozen Ramparts          Ice            12%        1d2       30%         3
 Gell's Gravitas          Tloc           6%         N/A       30%         3
 Hailstorm                Conj/Ice       6%         3d5       30%         3
 Ozocubu's Armour         Ice            6%         N/A       30%         3
 Summon Ice Beast         Ice/Summ       6%         N/A       30%         3
 Dimensional Bullseye     Hex/Tloc       3%         N/A       71%         4
 Manifold Assault         Tloc           6%         N/A       71%         4
 Summon Hydra             Summ           3%         N/A       100%        7


Dungeon Overview and Level Annotations

Branches:
Dungeon (8/15)             Temple (1/1) D:7          Bailey (visited)
   Lair: D:8-11

Altars:
Ashenzari
Cheibriados
Dithmenos
Fedhas
Gozag
Hepliaklqana
Kikubaaqudgha
Makhleb
Nemelex Xobeh
Qazlal
Sif Muna
Trog
Uskayaw
Vehumet
Wu Jian
Xom

Shops:
D:3 !

Annotations:
D:4 Grinder
D:8 Jeremiah


Innate Abilities, Weirdness & Mutations

You have sharp fingernails.
You may rarely emit foul miasma when damaged in melee.
When seriously injured, your blood forms armour. (AC +6)


Message History

You don't have enough magic to cast this spell.
Casting: Vampiric Draining (safe; 1% risk of failure)
Confirm with . or Enter, or press ? or * to list all spells.
You don't have enough magic to cast this spell.
Casting: Vampiric Draining (safe; 1% risk of failure)
Confirm with . or Enter, or press ? or * to list all spells.
You don't have enough magic to cast this spell.
You barely miss the two-headed ogre.
The two-headed ogre is heavily wounded.
The two-headed ogre misses you.
The two-headed ogre hits you with a +0 giant spiked club.
You barely miss the two-headed ogre.
The two-headed ogre is heavily wounded.
The two-headed ogre completely misses you.
The two-headed ogre misses you.
You hit the two-headed ogre. You burn the two-headed ogre.
The two-headed ogre is severely wounded.
You hit the two-headed ogre. You burn the two-headed ogre.
The two-headed ogre is severely wounded.
The two-headed ogre closely misses you.
The two-headed ogre hits you with a +0 giant spiked club!
* * * LOW HITPOINT WARNING * * *
You hit the two-headed ogre but do no damage.
The two-headed ogre is severely wounded.
The two-headed ogre misses you. The two-headed ogre closely misses you.
Casting: Vampiric Draining (safe; 1% risk of failure)
Confirm with . or Enter, or press ? or * to list all spells.
You don't have enough magic to cast this spell.
You hit the two-headed ogre. You burn the two-headed ogre.
The two-headed ogre is severely wounded.
You hit the two-headed ogre but do no damage.
The two-headed ogre is severely wounded.
The two-headed ogre barely misses you.
The two-headed ogre hits you with a +0 giant spiked club!
* * * LOW HITPOINT WARNING * * *
You hit the two-headed ogre. You burn the two-headed ogre.
The two-headed ogre is almost dead.
The two-headed ogre hits you with a +0 giant club!
You die...
Kikubaaqudgha rasps: "You have failed me!
Welcome... death!"

............
.....................
.....................
....................
.....#######........
.......>##......:.# .#
#.............# .#
##...........O.# .#
#............@.# .#
#..............#
.###..............#
.............######
.............############
........................#
.....##+#.......#######.#
.....#..........# #.#
.....#..........# #.#


You could see a two-headed ogre.

Vanquished Creatures
  2 water moccasins (D:6)
  2 orc warriors (Bailey)
  2 black bears
  A sky beast (D:6)
  An ogre (D:6)
  A lemure (D:7)
  A phantom (D:4)
  2 kobold brigands
  2 bullfrogs
  3 scorpions
  A wight (D:8)
  An electric eel (Bailey)
  A howler monkey (D:6)
  A bombardier beetle (D:6)
  A crimson imp (D:7)
  6 hounds
  A sleepcap (D:4)
  A gnoll bouda (D:5)
  4 orc priests
  A jelly (D:6)
  8 iguanas
  5 orc wizards
  Robin (D:2)
  8 adders
  9 gnolls
  2 white imps
  2 ribbon worms
  5 dart slugs
  31 orcs
  11 ball pythons
  5 endoplasms
  2 giant cockroaches
  19 goblins
  12 hobgoblins
  3 jackals (D:1)
  17 kobolds
  3 quokkas
  9 bats
  2 frilled lizards
  6 rats
195 creatures vanquished.

Vanquished Creatures (collateral kills)
  A gnoll (D:4)
  A white imp (D:5)
  A ribbon worm (D:2)
  An endoplasm (D:1)
  A giant cockroach (D:1)
  A goblin (D:2)
6 creatures vanquished.

Vanquished Creatures (others)
  An orc wizard (D:7)
  A gnoll zombie (Bailey)
  A goblin zombie (Bailey)
  5 orc zombies (Bailey)
8 creatures vanquished.

Grand Total: 209 creatures vanquished

Notes
Turn   | Place    | Note
-------+----------+-------------------------------------------
     0 | D:1      | PaiMei the Demonspawn Necromancer began the quest for the
                  | Orb.
     0 | D:1      | Reached XP level 1. HP: 13/13 MP: 3/3
    31 | D:1      | Found a faded altar of an unknown god.
   239 | D:1      | Gained mutation: When seriously injured, your blood forms
                  | armour. (AC +6) [demonic ancestry]
   239 | D:1      | Reached XP level 2. HP: 19/19 MP: 3/5
   668 | D:1      | Reached XP level 3. HP: 15/24 MP: 0/6
   672 | D:1      | Learned a level 3 spell: Vampiric Draining
  1223 | D:2      | Identified the ring of Hedwynn {rF- rN+ Str+3 Dex+5 SInv}
  1416 | D:2      | Reached XP level 4. HP: 31/31 MP: 1/7
  1620 | D:2      | Reached skill level 5 in Necromancy
  1785 | D:2      | Reached skill level 1 in Fighting
  1844 | D:2      | Noticed Robin
  1964 | D:2      | Killed Robin
  2713 | D:3      | Found Dokir's Distillery.
  2717 | D:3      | Bought a potion of curing for 30 gold pieces
  2936 | D:3      | Found a hide-covered altar of Uskayaw.
  3173 | D:4      | Learned a level 4 spell: Animate Dead
  3218 | D:4      | Noticed a black bear
  3247 | D:4      | Gained mutation: You may rarely emit foul miasma when
                  | damaged in melee. [demonic ancestry]
  3247 | D:4      | Reached XP level 5. HP: 37/37 MP: 3/9
  3778 | D:4      | Reached XP level 6. HP: 44/44 MP: 3/11
  4496 | D:5      | Entered Level 5 of the Dungeon
  4500 | D:5      | Noticed Grinder
  4607 | D:4      | Reached skill level 6 in Necromancy
  4607 | D:4      | Reached XP level 7. HP: 12/52 MP: 4/12
  5126 | D:4      | Paralysed by Grinder for 5 turns
  5197 | D:4      | Paralysed by Grinder for 4 turns
  5639 | D:5      | Got the Compilation of the Singularity and the Familiar
  5853 | D:4      | Paralysed by Grinder for 3 turns
  6488 | D:6      | Reached XP level 8. HP: 60/60 MP: 2/14
  6722 | D:6      | Reached skill level 7 in Necromancy
  6979 | D:6      | Reached skill level 5 in Spellcasting
  7108 | D:6      | Reached skill level 5 in Dodging
  7342 | D:6      | Reached skill level 5 in Fighting
  7797 | D:7      | Found a flagged portal.
  7800 | D:7      | Identified the +0 robe of the Assorted Hosts {SInv}
  7848 | Bailey   | Entered a bailey
  8216 | Bailey   | Noticed an orc knight
  8242 | Bailey   | Gained mutation: You have sharp fingernails. [demonic
                  | ancestry]
  8242 | Bailey   | Reached XP level 9. HP: 55/68 MP: 2/17
  8431 | D:7      | Reached skill level 8 in Necromancy
  9275 | D:7      | Found a staircase to the Ecumenical Temple.
  9284 | Temple   | Entered the Ecumenical Temple
  9292 | Temple   | Became a worshipper of Kikubaaqudgha
  9377 | D:7      | Found a bloodstained altar of Trog.
  9606 | D:8      | Noticed a two-headed ogre
 10214 | D:8      | Noticed Jeremiah
 10482 | D:8      | Slain by a two-headed ogre

Illustrated notes

Levels and vault maps discovered:
D:1:      amcnicky_arrival_feature_with_door, layout_basic,
          ebering_ecumenical_altar_petrified
D:2:      layout_loops_corners, st_stairs_14, minmay_pentomino_u2, uniq_robin
D:3:      layout_loops_ring, mainiacjoe_overflow_concentric_impassable,
          serial_shops, nicolae_shop_trees
D:4:      layout_layer_cave
D:5:      layout_cave_pools, uniq_grinder
D:6:      layout_rooms
D:7:      layout_loops_ring, trog_book, lemuel_temple_firewalk_b,
          enter_bailey_5, minmay_fire_ice_demons
D:8:      layout_basic, kennysheep_mini_moat, uniq_pikel, uniq_jeremiah
Temple:   sentei_temple_godly_chess

Skill      XL: |  1  2  3  4  5  6  7  8  9 |
---------------+----------------------------+-----
Stealth        | 2 |  2.2
Dodging        | 2 3 4 5 6 |  6.0
Necromancy     | 5 6 7 8 |  8.3
Fighting       | 1 2 3 4 5 |  5.9
Spellcasting   | 3 4 5 6 |  6.1

Action                     |  1- 3 |  4- 6 |  7- 9 || total
---------------------------+-------+-------+-------++-------
  Melee: Dagger            |    39 |    76 |   149 ||   264
         Punch             |       |     2 |     7 ||     9
         Short sword       |       |       |   174 ||   174
   Cast: Necrotise         |    63 |   106 |   132 ||   301
         Vampiric Draining |       |    11 |    75 ||    86
         Animate Dead      |       |       |     2 ||     2
    Use: Potion            |       |     3 |       ||     3
         Scroll            |       |       |    10 ||    10
 Armour: Robe              |    20 |    24 |       ||    44
         Animal skin       |       |    57 |   299 ||   356
  Dodge: Dodged            |    42 |    86 |   325 ||   453
